 Dungeon Crawl Stone Soup version 0.19.3-1-g3169bf9 (webtiles) character file.

22134 Dolanko the Basher (level 12, 0/116 HPs)
             Began as a Naga Fighter on Jan 26, 2017.
             Was an Elder of Cheibriados.
             Slain by a five-headed hydra (13 damage)
             ... on level 1 of the Lair of Beasts.
             The game lasted 00:26:48 (12574 turns).

Dolanko the Basher (Naga Fighter)                  Turns: 12574, Time: 00:26:49

Health: 0/116      AC: 19    Str: 31    XL:     12   Next: 97%
Magic:  10/20      EV: 11    Int: 17    God:    Cheibriados [****..]
Gold:   536        SH: 11    Dex: 27    Spells: 0 memorised, 11 levels left

rFire  . . .     SeeInvis +     w - +2 whip (freeze)
rCold  . . .     Gourm    +     B - +5 scale mail
rNeg   . . .     Faith    .     c - +0 shield
rPois  +         Spirit   .     (no helmet)
rElec  .         Reflect  .     (no cloak)
rCorr  +         Harm     .     k - +2 pair of gloves
MR     +....                    (no barding)
Stlth  ++........               s - amulet of the gourmand
                                N - ring of resist corrosion
                                J - +2 ring of protection

@: agile, very slow
A: see invisible, deformed body, poison resistance, slowness 2, slow metabolism
1, spit poison 1, AC +4
a: Spit Poison, Bend Time, Temporal Distortion, Slouch, Renounce Religion


You were on level 1 of the Lair of Beasts.
You worshipped Cheibriados.
Cheibriados was greatly pleased with you.
You were very full.

You visited 3 branches of the dungeon, and saw 12 of its levels.
You also visited: Labyrinth.

You collected 536 gold pieces.

Inventory:

Hand Weapons
 w - a +2 whip of freezing (weapon)
 F - a +0 great mace of crushing
Missiles
 r - 2 javelins (quivered)
 y - 6 tomahawks
Armour
 c - a +0 shield (worn)
 k - a +2 pair of gloves (worn)
 o - a +0 chain mail
 x - the +4 plate armour of the Ward {rF+ rC- Str+5 Dex+4}
   (You found it on level 7 of the Dungeon)

   It affects your strength (+5).
   It affects your dexterity (+4).
   It protects you from fire.
   It makes you vulnerable to cold.
 B - a +5 scale mail (worn)
 T - a +0 plate armour of poison resistance
Jewellery
 g - an uncursed ring of positive energy
 s - an amulet of the gourmand (around neck)
 G - an uncursed ring of fire
 J - a +2 ring of protection (left hand)
 N - a ring of resist corrosion (right hand)
Wands
 d - a wand of polymorph (5/24)
 n - a wand of digging (5/24)
 v - a wand of polymorph (8/24)
 E - a wand of disintegration (0/24)
 H - a wand of paralysis (14/24)
 K - a wand of iceblast (4/15)
 O - a wand of paralysis (13/24)
 P - a wand of disintegration (10/24)
 Q - a wand of acid (0/15)
Scrolls
 e - 7 scrolls of remove curse
 i - 2 scrolls of enchant armour
 j - 2 scrolls of teleportation
 l - a scroll of identify
 m - a scroll of magic mapping
 q - a scroll of recharging
Potions
 h - a potion of brilliance
 u - a potion of agility
 z - a potion of berserk rage {unknown}
 D - a potion of lignification {unknown}
 I - a potion of curing
Miscellaneous
 a - a phial of floods
Comestibles
 f - 5 bread rations
 p - 4 beef jerkies
 t - 18 fruits
 A - 4 meat rations
 C - 8 slices of pizza
 L - a royal jelly


   Skills:
 + Level 10.1 Fighting
 * Level 13.1 Maces & Flails
 - Level 7.5 Armour
 - Level 2.4 Shields
 + Level 10.6 Invocations


You had 11 spell levels left.
You didn't know any spells.

Dungeon Overview and Level Annotations

Branches:
Dungeon (10/15)            Temple (1/1) D:5            Lair (1/6) D:10
    Orc: D:9-12

Altars:
Ashenzari
Cheibriados
Fedhas
Gozag
Makhleb
Nemelex Xobeh
Okawaru
Qazlal

Shops:
D:7 (


Innate Abilities, Weirdness & Mutations

You cannot wear boots.
Your serpentine skin is tough. (AC +4)
You have supernaturally acute eyesight. (SInv)
Armour fits poorly on your strangely shaped body.
Your system is resistant to poisons. (rPois)
You cover ground very slowly.
You have a slow metabolism.
You can spit poison.


Message History

Unknown command.
Your shield and scale mail prevent you from hitting the five-headed hydra.
The five-headed hydra is severely wounded.
The five-headed hydra is no longer covered in acid.
You block the five-headed hydra's attack.
The five-headed hydra bites you but does no damage.
The five-headed hydra closely misses you.
The five-headed hydra bites you.
* * * LOW HITPOINT WARNING * * *
The five-headed hydra bites you but does no damage.
Evoke which item? (* to show all) (? for menu, Esc to quit)
Zapping:
P - a wand of disintegration (will waste charges)
Press: ? - help, Shift-Dir - straight line, f/p - five-headed hydra
Aim: a five-headed hydra (severely wounded, slow, chance to defeat MR: 30%)
The five-headed hydra easily resists.
Evoking this partially-identified wand wasted a few charges.
You completely miss the five-headed hydra.
The five-headed hydra is severely wounded.
The five-headed hydra bites you!
You die...

,,,,,.......##...## #P....##
,,,,,,............# ###....#***
,,,,,,,,,.........###P.....#*,*
,,,,,,,,,..........#...####...#
,,,,,,,,,..............# *####
,,,,,,,,,...........####
,,,,,,,,,...........#
,,,,,,,,,...........##
,,,,,,,,,(.....D@....#*
,,,,,,,,,.............#* ***
,,**,,,,,.........#P...#* **,*
,****,,,,.......####P...#***,**
** *,,,,......#* *##....,,,* *
***,,......* **...#*,**
*,,....##* *,,.#***,* *,,....*
***,,** *,* **,**,,,* *,*,**
*,***


You could see a five-headed hydra.

Vanquished Creatures
  A minotaur (Lab)
  2 hydras
  2 hill giants (D:10)
  Joseph (D:7)
  An elephant (D:10)
  A centaur skeleton (D:10)
  2 spiny frogs (Lair:1)
  A komodo dragon (Lair:1)
  An efreet (D:10)
  A troll (D:9)
  Grinder (D:6)
  2 dream sheep (D:9)
  2 hippogriffs
  The ghost of Mukku the Slasher, an amateur TeAK of Lugonu (D:3)
  14 yaks
  A wyvern (D:7)
  A basilisk (Lair:1)
  Eustachio (D:6)
  2 hungry ghosts (D:7)
  Menkaure (D:7)
  3 porcupines (Lair:1)
  2 water moccasins
  Duvessa (D:7)
  3 ice beasts
  A sky beast (D:6)
  A black bear (D:10)
  A necrophage (D:6)
  3 orc warriors
  An eye of draining (D:9)
  A phantom (D:6)
  6 ogres
  6 centaurs
  3 big kobolds (D:9)
  4 bullfrogs
  A wyvern zombie (D:10)
  Dowan (D:7)
  6 scorpions
  6 howler monkeys
  6 crimson imps
  4 bullfrog zombies
  2 hounds
  9 orc priests
  A bullfrog skeleton (D:10)
  Jessica (D:2)
  6 iguanas
  15 orc wizards
  5 worker ants
  A hound skeleton (D:7)
  3 gnolls (D:4)
  6 adders
  2 shadow imps
  An ooze (D:2)
  An adder skeleton (D:8)
  An adder zombie (D:6)
  A worm (D:2)
  4 dart slugs
  4 leopard geckos
  47 orcs
  5 ball pythons
  5 giant cockroaches
  11 goblins
  8 hobgoblins
  7 jackals
  2 kobolds (D:3)
  7 quokkas
  9 bats
  4 frilled lizards
  A jackal skeleton (D:7)
  A leopard gecko skeleton (D:3)
  5 rats
274 creatures vanquished.

Vanquished Creatures (others)
  3 plants (D:9)
3 creatures vanquished.

Grand Total: 277 creatures vanquished

Notes
Turn   | Place    | Note
-------+----------+-------------------------------------------
     0 | D:1      | Dolanko the Naga Fighter began the quest for the Orb.
     0 | D:1      | Reached XP level 1. HP: 21/21 MP: 1/1
    74 | D:1      | Reached XP level 2. HP: 25/28 MP: 2/2
   278 | D:1      | Found a shattered altar of Ashenzari.
   466 | D:2      | Reached XP level 3. HP: 34/34 MP: 3/3
   838 | D:2      | Reached skill level 3 in Maces & Flails
   874 | D:2      | Found a burning altar of Makhleb.
   983 | D:2      | Reached XP level 4. HP: 40/42 MP: 4/4
  1102 | D:2      | Noticed Jessica
  1129 | D:2      | Killed Jessica
  1421 | D:3      | Reached XP level 5. HP: 49/50 MP: 5/5
  1633 | D:3      | Reached skill level 4 in Maces & Flails
  1923 | D:3      | Noticed Mukku's ghost (amateur TeAK)
  1946 | D:3      | Killed Mukku's ghost
  1946 | D:3      | Reached XP level 6. HP: 44/58 MP: 6/6
  2221 | D:4      | Reached skill level 5 in Maces & Flails
  2233 | D:4      | Reached XP level 7. HP: 27/66 MP: 7/7
  2767 | D:4      | Reached skill level 5 in Fighting
  3187 | D:4      | Reached skill level 6 in Maces & Flails
  3337 | D:5      | Entered Level 5 of the Dungeon
  3362 | D:5      | Reached XP level 8. HP: 71/75 MP: 8/8
  3686 | D:5      | Found a staircase to the Ecumenical Temple.
  3711 | Temple   | Entered the Ecumenical Temple
  3727 | Temple   | Became a worshipper of Cheibriados the Contemplative
  4357 | D:5      | Reached skill level 7 in Maces & Flails
  4538 | D:5      | Found an opulent altar of Gozag.
  4726 | D:6      | Noticed Eustachio
  4762 | D:6      | Killed Eustachio
  4762 | D:6      | Reached skill level 5 in Armour
  5051 | D:6      | Reached * piety under Cheibriados
  5109 | D:6      | Reached XP level 9. HP: 63/85 MP: 9/9
  5318 | D:6      | Noticed Grinder
  5353 | D:6      | Paralysed by Grinder for 2 turns
  5361 | D:6      | Killed Grinder
  5361 | D:6      | Reached skill level 8 in Maces & Flails
  6050 | D:7      | Noticed Duvessa
  6050 | D:7      | Noticed Menkaure
  6054 | D:7      | Noticed Dowan
  6182 | D:7      | Killed Duvessa
  6187 | D:7      | Killed Dowan
  6187 | D:7      | Reached skill level 9 in Maces & Flails
  6422 | D:7      | Found Vealax's Weapon Shop.
  6530 | D:7      | Noticed Joseph
  6531 | D:7      | Reached ** piety under Cheibriados
  6581 | D:7      | Killed Joseph
  6659 | D:7      | Reached XP level 10. HP: 55/96 MP: 10/10
  6859 | D:7      | Reached skill level 10 in Maces & Flails
  7043 | D:7      | Killed Menkaure
  7351 | D:7      | Got a twisted plate armour
  7352 | D:7      | Identified the +4 plate armour of the Ward {rF+ rC- Str+5 Dex+4} (You found it on level 7 of the Dungeon)
  7622 | D:8      | Reached *** piety under Cheibriados
  8712 | D:9      | Reached **** piety under Cheibriados
  9172 | D:9      | Reached skill level 11 in Maces & Flails
  9274 | D:9      | Noticed a two-headed hydra
  9307 | D:9      | Killed a two-headed hydra
  9318 | D:9      | Reached XP level 11. HP: 53/106 MP: 11/11
  9635 | D:9      | Reached skill level 1 in Invocations
 10197 | D:9      | Reached ***** piety under Cheibriados
 10267 | D:9      | Reached skill level 12 in Maces & Flails
 10291 | D:10     | Entered Level 10 of the Dungeon
 10502 | D:10     | Reached XP level 12. HP: 115/115 MP: 12/19
 10559 | D:10     | Reached skill level 10 in Invocations
 10566 | D:10     | Found a staircase to the Lair.
 11335 | Lair:1   | Entered Level 1 of the Lair of Beasts
 11483 | Lair:1   | Found a labyrinth entrance.
 11509 | Lab      | Entered a labyrinth
 12178 | Lab      | Noticed a minotaur
 12192 | Lab      | Killed a minotaur
 12192 | Lab      | Reached skill level 10 in Fighting
 12194 | Lab      | Identified the Incunabulum of Creative Orientation
 12459 | Lair:1   | Reached skill level 13 in Maces & Flails
 12554 | Lair:1   | Noticed a five-headed hydra
 12559 | Lair:1   | Noticed a five-headed hydra
 12567 | Lair:1   | Killed a five-headed hydra
 12574 | Lair:1   | Slain by a five-headed hydra

Skill      XL: |  1  2  3  4  5  6  7  8  9 10 11 12 |
---------------+-------------------------------------+-----
Maces & Flails | 3 4 5 6 7 9 11 12 13 | 13.1
Armour         | 3 4 5 6 7 |  7.5
Fighting       | 4 5 6 7 9 10 | 10.1
Invocations    | 9 10 | 10.6
Shields        | |  2.4

Action                   |  1- 3 |  4- 6 |  7- 9 | 10-12 || total
-------------------------+-------+-------+-------+-------++-------
Melee: Flail             |   132 |    12 |       |       ||   144
       Whip              |       |    97 |   687 |   714 ||  1498
       Unarmed           |       |     3 |       |       ||     3
Throw: Javelin           |       |     2 |     2 |     2 ||     6
Invok: Slouch            |       |       |       |     4 ||     4
 Abil: Spit Poison       |     8 |     3 |     4 |     4 ||    19
Evoke: Wand              |       |       |    13 |    14 ||    27
  Use: Scroll            |       |     4 |     7 |    14 ||    25
       Potion            |       |     2 |     2 |     5 ||     9
  Eat: Chunk             |     1 |     2 |     8 |    21 ||    32
       Bread ration      |       |       |     3 |       ||     3
Armor: Scale mail        |    76 |    44 |   282 |   266 ||   668
Dodge: Dodged            |    29 |    20 |    95 |   109 ||   253
Block: Shield            |    71 |    45 |   213 |   292 ||   621
